 Dungeon Crawl Stone Soup version 0.29-a0-286-g41199d4a87 (webtiles) character file.

Game seed: 13452927007898574539

1421 jmlagarto the Grave Robber (level 8, -1/57 HPs)
             Began as a Mummy Necromancer on Mar 16, 2022.
             Was a Believer of Wu Jian.
             Slain by a wight
             ... wielding a +3 falchion of freezing
              (13 damage)
             ... on level 6 of the Dungeon.
             The game lasted 00:17:40 (6646 turns).

jmlagarto the Grave Robber (Mummy Necromancer)      Turns: 6646, Time: 00:17:41

Health: -1/57      AC:  5    Str: 11    XL:     8   Next: 44%
Magic:  17/17      EV: 12    Int: 17    God:    Wu Jian [**....]
Gold:   162        SH:  0    Dex: 12    Spells: 11/20 levels left

rFire   . . .      SeeInvis .   e - +2 dagger (speed)
rCold   + . .      Faith    .   (no shield)
rNeg    + + +      Spirit   .   n - +0 robe of the Reasonable God {-Tele rElec rPois rN+++}
rPois   ∞          Reflect  .   (no helmet)
rElec   +          Harm     .   (no cloak)
rCorr   .          Rampage  .   (no gloves)
Will    ++...      NoTele   +   g - +2 pair of boots
Stlth   ++........              (no amulet)
HPRegen 0.19/turn               f - ring of protection from fire
MPRegen 0.15/turn               c - ring of willpower

@: no status effects
A: cold resistance 1, negative energy resistance 3, torment resistance 2, heat
vulnerability 1, in touch with death 1, no potions
a: Renounce Religion, Wall Jump


You were on level 6 of the Dungeon.
You worshipped Wu Jian.
Wu Jian was pleased with you.
You visited 1 branch of the dungeon, and saw 6 of its levels.
You also visited: Ossuary.

You collected 281 gold pieces.
You spent 119 gold pieces at shops.

Inventory:

Hand Weapons
 e - a +2 dagger of speed (weapon)
Missiles
 h - 3 poisoned darts (quivered)
Armour
 g - a +2 pair of boots (worn)
 k - the +0 robe "Ynimomua" {Slay+2}
   (You bought it in a shop on level 4 of the Dungeon)

   Slay:      It affects your accuracy & damage with ranged weapons and melee
   (+2).
 n - the +0 robe of the Reasonable God (worn) {-Tele rElec rPois rN+++}
   (You found it on level 5 of the Dungeon)

   rElec:     It insulates you from electricity.
   rPois:     It protects you from poison.
   rN:        It renders you almost immune to negative energy.
   -Tele:     It prevents most forms of teleportation.
Jewellery
 c - a ring of willpower (right hand)
 f - a ring of protection from fire (left hand)
Scrolls
 a - a scroll of summoning {unknown}
 d - 2 scrolls of blinking
 i - a scroll of brand weapon
 l - 2 scrolls of teleportation {unknown}
 m - a scroll of enchant armour {unknown}


   Skills:
 + Level 2.8 Fighting
 + Level 3.5 Short Blades
 + Level 0.3 Throwing
 + Level 3.1 Dodging
 + Level 3.2 Stealth
 + Level 6.6 Spellcasting
 + Level 6.6 Necromancy
 + Level 1.0 Evocations


You had 11 spell levels left.
You knew the following spells:

 Your Spells              Type           Power      Damage    Failure   Level
a - Pain                  Necr           100%       1d9       1%          1
b - Animate Skeleton      Necr           84%        N/A       1%          1
c - Vampiric Draining     Necr           42%        2d9       2%          3
d - Animate Dead          Necr           21%        N/A       8%          4

Your spell library contained the following spells:

 Spells                   Type           Power      Damage    Failure   Level
 Agony                    Necr           42%        N/A       22%         5
 Gell's Gravitas          Tloc           5%         N/A       36%         3
 Lesser Beckoning         Tloc           5%         N/A       36%         3
 Teleport Other           Tloc           5%         N/A       36%         3


Dungeon Overview and Level Annotations

Branches:
Dungeon (6/15)             Temple (0/1) D:4         Ossuary (visited)

Altars:
Elyvilon
Vehumet
Wu Jian

Shops:
D:4 [*=

Annotations:
D:4 exclusion: statue


Innate Abilities, Weirdness & Mutations

You are immune to poison.
Your flesh is cold resistant. (rC+)
You are immune to negative energy. (rN+++)
You are immune to unholy pain and torment.
You are vulnerable to heat. (rF-)
You are in touch with the powers of death.
You do not drink.


Message History

The wight is severely damaged.
The wight hits you with a +3 falchion of freezing!
The wight freezes you.
You hit the wight but do no damage.
The wight is severely damaged.
You hit the wight but do no damage. You punch the wight, but do no damage.
The wight is severely damaged.
The wight hits you with a +3 falchion of freezing!
The wight freezes you.
You hit the wight.
The wight is severely damaged.
The wight closely misses you.
You closely miss the wight.
The wight is severely damaged.
You hit the wight.
The wight is severely damaged.
The wight hits you with a +3 falchion of freezing.
* * * LOW HITPOINT WARNING * * *
You hit the wight but do no damage.
The wight is severely damaged.
You hit the wight.
The wight is severely damaged.
The wight hits you with a +3 falchion of freezing.
* * * LOW HITPOINT WARNING * * *
You closely miss the wight.
The wight is severely damaged.
You closely miss the wight.
The wight is severely damaged.
The wight closely misses you.
You barely miss the wight.
The wight is severely damaged.
You hit the wight but do no damage.
The wight is severely damaged.
The wight barely misses you.
You hit the wight but do no damage.
The wight is severely damaged.
You hit the wight but do no damage.
The wight is severely damaged.
The wight hits you with a +3 falchion of freezing!
You die...

#### #####
####..###
#...####.......#
###
###...#........#
##.#
###z@.....!..#
#..#
###.......##
#..# ##......#
##... ###(.(.#
#.... ##(.##
#.... ##..##
#.... #...##
##...
#....#####..
##.##..#.....


You could see a wight.

Vanquished Creatures
  Sigmund (D:5)
  Edmund (D:5)
  The ghost of FlatIsJustice the Gusty, an amateur TeAE (D:4)
  A water moccasin (D:6)
  A sky beast (D:3)
  An ogre (D:5)
  A phantom (D:5)
  2 scorpions (D:5)
  A hound (D:5)
  2 orc priests (D:5)
  2 iguanas (D:5)
  10 gnolls (D:4)
  10 adders
  2 worms
  A dart slug (D:4)
  10 orcs
  7 ball pythons
  8 bats
  6 endoplasms
  8 giant cockroaches
  6 goblins
  6 hobgoblins
  4 jackals (D:1)
  6 quokkas
  6 frilled lizards
  3 kobolds
  5 rats
112 creatures vanquished.

Vanquished Creatures (collateral kills)
  A steam dragon (D:6)
  2 gnolls (D:4)
  An orc (D:5)
4 creatures vanquished.

Vanquished Creatures (others)
  A quokka (D:5)
  A plant (D:1)
  2 withered plants (Ossuary)
4 creatures vanquished.

Grand Total: 120 creatures vanquished

Notes
Turn   | Place    | Note
-------+----------+-------------------------------------------
     0 | D:1      | jmlagarto the Mummy Necromancer began the quest for the
                  | Orb.
     0 | D:1      | Reached XP level 1. HP: 13/13 MP: 4/4
   306 | D:1      | Learned a level 1 spell: Animate Skeleton
   324 | D:1      | Reached XP level 2. HP: 14/19 MP: 6/6
   928 | D:1      | Gained mutation: You are in touch with the powers of death.
                  | [Mummy growth]
   928 | D:1      | Reached XP level 3. HP: 24/24 MP: 5/7
  1346 | D:1      | Found a faded altar of an unknown god.
  1354 | D:1      | Prayed at the altar of an unknown god.
  1354 | D:1      | Became a worshipper of the Wu Jian Council
  1354 | D:1      | Reached * piety under Wu Jian
  2230 | D:3      | Noticed a sky beast
  2252 | D:3      | Found an ornate altar of the Wu Jian Council.
  2311 | D:3      | Learned a level 3 spell: Vampiric Draining
  2317 | D:3      | Killed a sky beast
  2318 | D:3      | Reached XP level 4. HP: 26/31 MP: 2/10
  2318 | D:3      | Reached XP level 5. HP: 31/36 MP: 2/11
  2555 | D:3      | Reached ** piety under Wu Jian
  2570 | D:3      | Reached skill level 5 in Necromancy
  2726 | D:4      | Learned a level 4 spell: Animate Dead
  2734 | D:4      | Found a sand-covered staircase.
  2744 | Ossuary  | Entered an ossuary
  2878 | D:4      | Found Oceguox's Assorted Antiques.
  2882 | D:4      | Found Vamp's Jewellery Emporium.
  2977 | D:4      | Found a staircase to the Ecumenical Temple.
  3012 | D:4      | Found a runed translucent door.
  3012 | D:4      | Noticed FlatIsJustice's ghost (amateur TeAE)
  3058 | D:4      | Reached skill level 1 in Short Blades
  3064 | D:4      | Reached skill level 1 in Fighting
  3204 | D:4      | Reached XP level 6. HP: 21/43 MP: 9/13
  3419 | D:4      | Found Icayhoc's Antique Armour Shop.
  3484 | D:4      | Killed FlatIsJustice's ghost
  3485 | D:4      | Reached skill level 5 in Spellcasting
  3709 | D:4      | Bought a dull robe for 119 gold pieces
  3709 | D:4      | Identified the +0 robe "Ynimomua" {Slay+2} (You bought it
                  | in a shop on level 4 of the Dungeon)
  3761 | D:4      | Found a radiant altar of Vehumet.
  4278 | D:5      | Entered Level 5 of the Dungeon
  4307 | D:5      | Noticed Sigmund
  4319 | D:5      | Killed Sigmund
  4320 | D:5      | Reached XP level 7. HP: 43/49 MP: 13/15
  4476 | D:5      | Noticed Edmund
  4505 | D:5      | Killed Edmund
  5162 | D:5      | Identified the +0 robe of the Reasonable God {-Tele rElec
                  | rPois rN+++}
  5225 | D:5      | Reached XP level 8. HP: 22/57 MP: 8/16
  5754 | D:5      | Reached skill level 1 in Evocations
  6646 | D:6      | Slain by a wight

Illustrated notes

Levels and vault maps discovered:
D:1:      lightli_molten_gateway, layout_basic,
          dilly_ecumenical_altar_fadedgnrine, grunt_decor_fettered,
          minmay_tromino_v2
D:2:      layout_rooms
D:3:      layout_basic, nzn_wu_jian_contemplation
D:4:      layout_basic, vehumet_statue, temple_pool_b, gammafunk_ghost_grave,
          portal_sewer_entry_a, serial_shops, nicolae_shop_stone,
          kennysheep_mini, shop, enter_ossuary_3
D:5:      layout_basic, elyvilon_altar_4, uniq_edmund, uniq_sigmund
D:6:      layout_cave_pods, mainiacjoe_overflow_24_doors,
          ebering_ghost_inner_flame, uniq_duvessa, uniq_eustachio

Skill      XL: |  1  2  3  4  5  6  7  8 |
---------------+-------------------------+-----
Spellcasting   | 3 4 5 6 |  6.6
Dodging        | 2 3 |  3.1
Stealth        | 2 3 |  3.2
Necromancy     | 5 6 |  6.6
Short Blades   | 1 2 3 |  3.5
Fighting       | 1 2 |  2.8
Evocations     | 1 |  1.0
Throwing       | |  0.3

Action                   |  1- 3 |  4- 6 |  7- 9 || total
-------------------------+-------+-------+-------++-------
Melee: Dagger            |   143 |   158 |   162 ||   463
       Unarmed           |    11 |       |       ||    11
       Punch             |     5 |     2 |     2 ||     9
Throw: Dart              |       |       |     8 ||     8
       Throwing net      |       |       |     1 ||     1
 Cast: Pain              |    28 |     9 |    23 ||    60
       Animate Skeleton  |     6 |     7 |     1 ||    14
       Vampiric Draining |     1 |     3 |       ||     4
       Animate Dead      |       |     3 |     3 ||     6
Invok: Whirlwind         |     7 |     4 |     1 ||    12
       Lunge             |     4 |    10 |     3 ||    17
Evoke: Wand              |       |     3 |     7 ||    10
  Use: Scroll            |       |     2 |       ||     2
 Stab: Sleeping          |     7 |     5 |     1 ||    13
       Distracted        |       |       |     1 ||     1
Armor: Robe              |    29 |    20 |    20 ||    69
Dodge: Dodged            |   102 |    76 |    45 ||   223

Table legend: (Time is in decaauts)
 A = Elapsed time spent in this place.
 B = Non-inter-level travel time spent in this place.
 C = Inter-level travel time spent in this place.
 D = Time resting spent in this place.
 E = Time spent auto-exploring this place.
 F = Levels seen in this place.
 G = Mean time per level.
                   A        B        C        D        E       F      G
               +--------+--------+--------+--------+--------+-----+--------+
         Total |   6509 |   6402 |    107 |      0 |   5100 |   7 |  929.9 |
       Dungeon |   6496 |   6389 |    107 |      0 |   5100 |   6 | 1082.7 |
       Ossuary |     12 |     12 |      0 |      0 |      0 |   1 |   12.0 |
               +--------+--------+--------+--------+--------+-----+--------+

Top non-repeatable levels by time:
     D:5: 1953 daAuts
     D:1: 1780 daAuts
     D:4: 1529 daAuts
     D:3: 492 daAuts
     D:2: 393 daAuts
     D:6: 347 daAuts
 Ossuary: 12 daAuts
